 Dungeon Crawl Stone Soup version 0.22-a0-567-gff9aefc (webtiles) character file.

32366 galech the Fighter (level 13, -3/148 HPs)
             Began as an Ogre Berserker on June 29, 2018.
             Was a High Priest of Trog.
             Slain by an ice beast (12 damage)
             ... in an ice cave.
             The game lasted 00:32:07 (21541 turns).

galech the Fighter (Ogre Berserker)                Turns: 21541, Time: 00:32:08

Health: -3/148     AC:  6    Str: 31    XL:     13   Next: 64%
Magic:  13/13      EV: 13    Int:  8    God:    Trog [*****.]
Gold:   422        SH:  0    Dex:  8    Spells: 12/12 levels left

rFire    . . .     SeeInvis .   y - +9 flail (distort)
rCold    . . .     Gourm    .   (no shield)
rNeg     . . .     Faith    .   b - +0 animal skin
rPois    .         Spirit   .   i - +2 hat
rElec    .         Reflect  .   p - +0 cloak
rCorr    .         Harm     .   (gloves unavailable)
MR       +++..                  (boots unavailable)
Stlth    +++.......             R - amulet of magic regeneration
HPRegen  1.34/turn              (no ring)
MPRegen  0.38/turn              Q - +3 ring of strength

@: berserk cooldown, very slightly contaminated, regenerating, slowed, very slow
A: large, unfitting armour, tough skin 1
a: Berserk, Trog's Hand, Brothers in Arms, Renounce Religion


You were in an ice cave.
You worshipped Trog.
Trog was extremely pleased with you.
You were not hungry.

You visited 3 branches of the dungeon, and saw 19 of its levels.
You also visited: Sewer and Ice Cave.

You collected 1052 gold pieces.
You spent 630 gold pieces at shops.

Inventory:

Hand Weapons
 a - a +0 mace
 w - a +2 mace of holy wrath
 y - a +9 flail of distortion (weapon)
 D - a +5 flail
 E - a +2 great mace of crushing
 P - a +7 antimagic giant spiked club
Armour
 b - a +0 animal skin (worn)
 i - a +2 hat (worn)
 p - a +0 cloak (worn)
 F - a +0 shield
Jewellery
 u - an uncursed ring of fire
 Q - a +3 ring of strength (right hand)
 R - an amulet of magic regeneration (around neck)
Wands
 B - a wand of disintegration (14)
 C - a wand of acid (6)
 J - a wand of polymorph (17)
Scrolls
 d - 3 scrolls of enchant armour
 e - 5 scrolls of amnesia
 g - 4 scrolls of magic mapping
 l - 6 scrolls of remove curse
 m - 4 scrolls of fog
 r - 2 scrolls of immolation
 s - 2 scrolls of teleportation
 z - 2 scrolls of vulnerability
 G - a scroll of silence
 I - a scroll of identify
 L - a scroll of enchant weapon
 M - 4 scrolls of noise
 O - 3 scrolls of summoning {unknown}
Potions
 f - 4 potions of lignification
 h - a potion of invisibility
 k - 8 potions of curing
 n - 4 potions of degeneration {unknown}
 o - 2 potions of berserk rage {unknown}
 t - 4 potions of brilliance
 v - 3 potions of mutation {unknown}
 x - 3 potions of haste {unknown}
 A - 5 potions of resistance
 H - 2 potions of magic {unknown}
 K - a potion of agility
Comestibles
 c - 31 rations


   Skills:
 + Level 14.5 Fighting
 + Level 14.1 Maces & Flails
 + Level 9.9 Dodging
 + Level 6.0 Stealth


You had 12 spell levels left.
You didn't know any spells.
Your spell library was empty.

Dungeon Overview and Level Annotations

Branches:
Dungeon (11/15)            Temple (0/1) D:6            Lair (6/6) D:11
  Swamp (0/4) Lair:3        Snake (0/4) Lair:2        Slime (0/5) Lair:6
    Orc (2/2) D:9
    Elf: Orc:2

Altars:
Dithmenos
Fedhas
Makhleb
Nemelex Xobeh
Ru
Sif Muna
Trog
Uskayaw
Wu Jian
Yredelemnul
Zin
Jiyva

Shops:
D:5 ?(!

Annotations:
Lair:2 exclusion: 2 oklob plants IceCv 1 transporter


Innate Abilities, Weirdness & Mutations

You are too large for most types of armour.
You have tough skin. (AC +1)


Message History

Space warps horribly around the green ugly thing!
The green ugly thing is almost dead.
The ice beast hits you.
* * * LOW HITPOINT WARNING * * *
The ice beast freezes you!
* * * LOW HITPOINT WARNING * * *
The ice beast barely misses you.
The ice beast hits you but does no damage.
The green ugly thing closely misses you.
You hit the green ugly thing.
You kill the green ugly thing!
Trog accepts your kill. The ice beast hits you.
* * * LOW HITPOINT WARNING * * *
The ice beast freezes you!
* * * LOW HITPOINT WARNING * * *
The ice beast hits you.
* * * LOW HITPOINT WARNING * * *
The ice beast freezes you!
You die...

##########
##...8©8YY@##
#...).".?Y.Y#
##....?©(..Y.##
#......?......#
#....8...8....#
#.............#
#...........##
#....Y......#
#....Y∩.....#


You could see 6 ice beasts.

Vanquished Creatures
  Harold (Lair:1)
  2 hydras
  A two-headed ogre (D:9)
  3 death yaks (Lair:4)
  2 ugly things
  A cyclops (D:11)
  2 black mambas
  A torpor snail (Lair:5)
  9 spiny frogs
  5 komodo dragons
  A polar bear (Lair:6)
  A hornet (D:11)
  7 blink frogs
  11 dream sheep
  5 hippogriffs
  A wyvern (D:11)
  29 yaks
  A steam dragon (Lair:2)
  Edmund (D:6)
  17 water moccasins
  12 porcupines
  2 necrophages
  An ice beast (D:10)
  8 ogres
  A sky beast (D:11)
  8 orc warriors
  6 wolves (Lair:2)
  6 crocodiles
  2 centaurs
  11 bullfrogs
  A wyvern zombie (D:10)
  A water moccasin zombie (D:6)
  A water moccasin skeleton (D:10)
  A scorpion (D:4)
  7 killer bees
  A wight (D:9)
  An electric eel (Lair:3)
  3 howler monkeys (D:8)
  5 crimson imps
  A centaur zombie (D:11)
  4 hounds
  A quasit (D:7)
  16 orc wizards
  5 orc priests
  Crazy Yiuf (D:2)
  3 bullfrog skeletons
  2 iguanas
  A gnoll shaman (D:3)
  6 worker ants
  2 hound skeletons
  2 worker ant zombies
  6 gnolls
  27 adders
  A shadow imp (D:10)
  11 white imps
  18 oozes
  An adder skeleton (D:10)
  4 worms
  A dart slug (D:2)
  12 leopard geckos
  55 orcs
  2 bats
  15 giant cockroaches
  9 goblins
  8 hobgoblins
  15 jackals
  3 quokkas
  13 ball pythons
  17 frilled lizards
  2 jackal zombies
  2 kobolds
  A quokka skeleton (D:5)
  5 rats
  A fungus (D:2)
  A plant (Lair:5)
453 creatures vanquished.

Vanquished Creatures (others)
  A two-headed ogre (D:8)
  3 death yaks
  A cyclops (D:11)
  A spiny frog (Lair:6)
  A dream sheep (Lair:5)
  3 blink frogs
  2 hippogriffs (Lair:3)
  An orc warrior (Orc:1)
  A killer bee (D:7)
  2 wights (D:9)
  A jelly (D:10)
  An orc wizard (D:11)
  A hound (D:8)
  A hound zombie (D:8)
  An adder (Lair:2)
  2 orcs
  2 quokkas
  7 fungi
  4 plants
36 creatures vanquished.

Grand Total: 489 creatures vanquished

Notes
Turn   | Place    | Note
-------+----------+-------------------------------------------
     0 | D:1      | galech the Ogre Berserker began the quest for the Orb.
     0 | D:1      | Reached XP level 1. HP: 24/24 MP: 1/1
    43 | D:1      | Reached XP level 2. HP: 7/32 MP: 2/2
   686 | D:1      | Reached XP level 3. HP: 27/40 MP: 3/3
   969 | D:2      | Reached ** piety under Trog
  1128 | D:2      | Found a bloodstained altar of Trog.
  1297 | D:2      | Reached XP level 4. HP: 49/49 MP: 4/4
  1769 | D:2      | Found a runed door.
  1773 | D:2      | Noticed Crazy Yiuf
  1778 | D:2      | Killed Crazy Yiuf
  2098 | D:3      | Found a glowing drain.
  2115 | Sewer    | Entered a sewer
  2175 | Sewer    | Reached XP level 5. HP: 50/55 MP: 5/5
  2295 | Sewer    | Reached *** piety under Trog
  2705 | Sewer    | Reached skill level 5 in Fighting
  2975 | Sewer    | Reached XP level 6. HP: 61/66 MP: 6/6
  3218 | Sewer    | Reached **** piety under Trog
  3584 | D:3      | Reached skill level 5 in Maces & Flails
  3584 | D:3      | Reached XP level 7. HP: 67/72 MP: 7/7
  5048 | D:4      | Noticed a dagger
  5049 | D:4      | Found a hide-covered altar of Uskayaw.
  5049 | D:4      | Noticed a hand axe
  5084 | D:4      | Found a basalt altar of Yredelemnul.
  5088 | D:4      | Found a glowing silver altar of Zin.
  5090 | D:4      | Found a blossoming altar of Fedhas.
  5098 | D:4      | Found a deep blue altar of Sif Muna.
  5160 | D:4      | Reached skill level 5 in Dodging
  5323 | D:4      | Reached skill level 1 in Stealth
  5732 | D:4      | Found a sparkling altar of Nemelex Xobeh.
  5756 | D:4      | Reached XP level 8. HP: 75/83 MP: 8/8
  5792 | D:4      | Found a burning altar of Makhleb.
  5942 | D:5      | Entered Level 5 of the Dungeon
  6046 | D:5      | Found Olaqage's Antique Weapon Shoppe.
  6095 | D:5      | Found Gila's Magic Scroll Shop.
  6111 | D:5      | Bought a scroll of identify for 28 gold pieces
  6111 | D:5      | Bought a scroll of magic mapping for 49 gold pieces
  6111 | D:5      | Bought a scroll of teleportation for 42 gold pieces
  6111 | D:5      | Bought a scroll of identify for 28 gold pieces
  6111 | D:5      | Bought 2 scrolls of identify for 56 gold pieces
  6111 | D:5      | Bought a scroll of identify for 28 gold pieces
  6498 | D:5      | Found Bear's Distillery.
  7052 | D:6      | Found a staircase to the Ecumenical Temple.
  7081 | D:6      | Noticed Edmund
  7085 | D:6      | Found a bloodstained altar of Trog.
  7085 | D:6      | Found an ornate altar of the Wu Jian Council.
  7085 | D:6      | Found a sacrificial altar of Ru.
  7170 | D:6      | Killed Edmund
  7213 | D:6      | Reached XP level 9. HP: 78/93 MP: 9/9
  7472 | D:6      | Reached ***** piety under Trog
  8483 | D:7      | Found a shadowy altar of Dithmenos.
  9141 | D:8      | Noticed a two-headed ogre
  9147 | D:8      | Banished a two-headed ogre
  9147 | D:8      | Reached XP level 10. HP: 106/106 MP: 10/10
  9908 | D:9      | Noticed a two-headed ogre
 10016 | D:9      | Killed a two-headed ogre
 10428 | D:9      | Found a staircase to the Orcish Mines.
 10470 | D:9      | Reached skill level 10 in Maces & Flails
 10808 | Orc:1    | Entered Level 1 of the Orcish Mines
 11029 | D:5      | Bought a scroll of enchant weapon for 105 gold pieces
 11029 | D:5      | Bought a scroll of enchant weapon for 105 gold pieces
 11029 | D:5      | Bought a scroll of silence for 105 gold pieces
 11140 | D:5      | Bought 2 potions of curing for 84 gold pieces
 11282 | D:10     | Entered Level 10 of the Dungeon
 11337 | D:10     | Received a gift from Trog
 11515 | D:10     | Reached skill level 10 in Fighting
 12329 | Orc:2    | Entered Level 2 of the Orcish Mines
 12744 | Orc:2    | Noticed an orc knight
 13189 | D:11     | Noticed a cyclops
 13192 | D:11     | Noticed a cyclops
 13260 | D:11     | Noticed a purple ugly thing
 13273 | D:11     | Killed a purple ugly thing
 13367 | D:11     | Reached XP level 11. HP: 71/118 MP: 11/11
 13869 | D:11     | Banished a cyclops
 14086 | D:11     | Found a staircase to the Lair.
 14797 | D:11     | Noticed a six-headed hydra
 14806 | D:11     | Killed a six-headed hydra
 14898 | D:11     | Killed a cyclops
 14953 | Lair:1   | Entered Level 1 of the Lair of Beasts
 15272 | Lair:1   | Noticed Harold
 15282 | Lair:1   | Killed Harold
 15623 | Lair:1   | Reached XP level 12. HP: 128/131 MP: 12/12
 16167 | Lair:2   | Found a staircase to the Snake Pit.
 17121 | Lair:3   | Noticed a six-headed hydra
 17131 | Lair:3   | Killed a six-headed hydra
 17131 | Lair:3   | Reached skill level 5 in Stealth
 17220 | Lair:3   | Found a staircase to the Swamp.
 18607 | Lair:4   | Received a gift from Trog
 19080 | Lair:4   | Noticed a death yak
 19081 | Lair:4   | Noticed a death yak
 19091 | Lair:4   | Noticed a death yak
 19093 | Lair:4   | Noticed a death yak
 19093 | Lair:4   | Noticed a death yak
 19095 | Lair:4   | Noticed a death yak
 19097 | Lair:4   | Killed a death yak
 19109 | Lair:4   | Banished a death yak
 19336 | Lair:4   | Banished a death yak
 19357 | Lair:4   | Killed a death yak
 19357 | Lair:4   | Reached XP level 13. HP: 126/144 MP: 13/13
 20872 | Lair:6   | Entered Level 6 of the Lair of Beasts
 20896 | Lair:6   | Found a viscous altar of Jiyva.
 20896 | Lair:6   | Found a staircase to the Slime Pits.
 21480 | Lair:6   | Found a frozen archway.
 21511 | IceCv    | Entered an ice cave
 21518 | IceCv    | Found a transporter.
 21541 | IceCv    | Slain by an ice beast

Vault maps used:
D:1:      elethiomel_arrival_quiet
D:2:      trog_book, uniq_crazy_yiuf_cottage
D:3:      first_ration, cheibrodos_sewer_entry_bend, minmay_crystal_water,
          grunt_decor_one_mirror
D:4:      minmay_overflow_temple_star_hex, dancing_weapons_uskayaw,
          nemelex_dance_club_becter
D:5:      serial_shops, nicolae_shop_waterfront, shop, kennysheep_mini
D:6:      grunt_temple_overflow_open, minmay_temple_entry_glassed_door,
          solitary_fountain, uniq_edmund
D:7:      cheibrodos_two_vegetables, nicolae_dithmenos_through_a_glass_darkly
D:9:      david_orc_2, serial_glass, glass_columns_a, glass_columns_a
D:11:     grunt_lair_entry_orc_guard_hut
Lair:1:   lemuel_fruit_fields, grunt_megastairs_4, uniq_harold
Lair:2:   minmay_snake_entry_six_corridors, serial_bayou_shore_b,
          minmay_lair_oklob_chamber, grunt_megastairs_5, lemuel_fruit_tree
Lair:3:   swamp_mist, serial_bayou_ford_a
Lair:4:   lemuel_fruit_fields
Lair:6:   minmay_lair_end_enchanted_forest, slime_altar_1,
          portal_ice_cave_entry_imps
Orc:2:    st_orc_rangers, uniq_maurice, uniq_sonja
Sewer:    sewer_frog_island_02
IceCv:    ice_cave_statue_garden_transporter

Skill      XL: |  1  2  3  4  5  6  7  8  9 10 11 12 13 |
---------------+----------------------------------------+-----
Dodging        | 3 4 5 6 7 8 9 |  9.9
Maces & Flails | 3 4 5 6 7 9 10 12 13 14 | 14.1
Fighting       | 5 6 7 9 10 12 13 14 | 14.5
Stealth        | 1 2 3 4 5 6 |  6.0

Action                   |  1- 3 |  4- 6 |  7- 9 | 10-12 | 13-15 || total
-------------------------+-------+-------+-------+-------+-------++-------
Melee: Mace              |    94 |   295 |   288 |       |       ||   677
       Flail             |       |       |   125 |   510 |   196 ||   831
Invok: Berserk           |     3 |     5 |     8 |    14 |     4 ||    34
       Trog's Hand       |       |       |     1 |     2 |     6 ||     9
  Use: Scroll            |       |     3 |    10 |    11 |     4 ||    28
       Potion            |       |       |       |     1 |     6 ||     7
 Stab: Sleeping          |       |       |     2 |    11 |       ||    13
  Eat: Chunk             |     3 |    10 |    21 |    37 |    11 ||    82
       Ration            |       |     1 |     2 |     2 |     1 ||     6
Armor: Animal skin       |    33 |   116 |   115 |    82 |    38 ||   384
Dodge: Dodged            |    87 |   216 |   244 |   267 |   110 ||   924

Table legend:
 A = Spawn XP
 B = Non-spawn XP
 C = Spawn XP percentage of total XP
 D = Spawn monster count
 E = Non-spawn monster count
 F = Spawn count percentage of total count
 G = Total turns spent on level
                    A         B        C        D         E        F      G
               +---------+---------+-------+---------+---------+-------+---------
         Total |       0 |   46238 |   0.0 |       0 |     477 |   0.0 | 21541
               +---------+---------+-------+---------+---------+-------+---------
           D:1 |       0 |      40 |   0.0 |       0 |      16 |   0.0 |   909
           D:2 |       0 |     104 |   0.0 |       0 |      22 |   0.0 |  1045
           D:3 |       0 |     255 |   0.0 |       0 |      28 |   0.0 |  1486
           D:4 |       0 |     468 |   0.0 |       0 |      27 |   0.0 |  1107
           D:5 |       0 |     507 |   0.0 |       0 |      15 |   0.0 |   835
           D:6 |       0 |     844 |   0.0 |       0 |      17 |   0.0 |  1524
           D:7 |       0 |    1093 |   0.0 |       0 |      28 |   0.0 |   924
           D:8 |       0 |    1174 |   0.0 |       0 |      13 |   0.0 |  1000
           D:9 |       0 |    1915 |   0.0 |       0 |      28 |   0.0 |  1060
          D:10 |       0 |    1146 |   0.0 |       0 |      28 |   0.0 |  1270
          D:11 |       0 |    5681 |   0.0 |       0 |      41 |   0.0 |  1291
        Lair:1 |       0 |    5073 |   0.0 |       0 |      19 |   0.0 |  1121
        Lair:2 |       0 |    3569 |   0.0 |       0 |      30 |   0.0 |  1364
        Lair:3 |       0 |    4067 |   0.0 |       0 |      16 |   0.0 |  1048
        Lair:4 |       0 |    7019 |   0.0 |       0 |      18 |   0.0 |  1244
        Lair:5 |       0 |    8036 |   0.0 |       0 |      37 |   0.0 |  1657
        Lair:6 |       0 |    3923 |   0.0 |       0 |      23 |   0.0 |   124
         Orc:1 |       0 |     220 |   0.0 |       0 |       7 |   0.0 |   933
         Orc:2 |       0 |     118 |   0.0 |       0 |       1 |   0.0 |   174
         Sewer |       0 |     418 |   0.0 |       0 |      62 |   0.0 |  1395
         IceCv |       0 |     568 |   0.0 |       0 |       1 |   0.0 |    30
               +---------+---------+-------+---------+---------+-------+---------
